 Dungeon Crawl Stone Soup version 0.28-a0-1510-gd0f6b136d3 (webtiles) character file.

Game seed: 16389754084541504041

231 croobank the Stinger (level 6, -2/49 HPs)
             Began as a Naga Venom Mage on Jan 15, 2022.
             Slain by a gnoll shaman (7 damage)
             ... on level 4 of the Dungeon.
             The game lasted 00:21:21 (4782 turns).

croobank the Stinger (Naga Venom Mage)              Turns: 4782, Time: 00:21:22

Health: -2/49      AC:  7    Str: 13    XL:     6   Next: 3%
Magic:  3/10       EV: 10    Int: 15    God:
Gold:   126        SH:  0    Dex: 11    Spells: 4/11 levels left

rFire   . . .      SeeInvis +   b - +1 short sword
rCold   . . .      Faith    .   n - orb {guile}
rNeg    . . .      Spirit   .   a - +0 robe
rPois   +          Reflect  .   h - +1 helmet
rElec   .          Harm     .   v - +0 cloak
rCorr   .          Rampage  .   k - +0 pair of gloves
Will    .....                   (no barding)
Stlth   +.........              (no amulet)
HPRegen 0.16/turn               (no ring)
MPRegen 0.12/turn               (no ring)

@: lit by a corona, very slightly contaminated, glowing, very slow
A: AC +2, large, see invisible, deformed body, poison resistance, slowness 2,
spit poison 1, naga tail 1
a: Spit Poison


You were on level 4 of the Dungeon.
You visited 1 branch of the dungeon, and saw 4 of its levels.

You collected 126 gold pieces.

Inventory:

Hand Weapons
 b - a +1 short sword (weapon)
 m - a +0 trident
Missiles
 c - 47 bolts
 d - 10 arrows
 g - 163 stones
 j - 6 poisoned darts
 r - 2 throwing nets
Armour
 a - a +0 robe (worn)
 h - a +1 helmet (worn)
 k - a +0 pair of gloves (worn)
 n - an orb of guile (worn)
 p - a +0 kite shield of resistance
 v - a +0 cloak (worn)
Scrolls
 e - a scroll of amnesia
Potions
 f - a potion of heal wounds
 i - 2 potions of flight
 q - a potion of cancellation
 s - a potion of invisibility
 t - a potion of curing {unknown}


   Skills:
 + Level 2.6 Dodging
 + Level 4.9 Stealth
 + Level 3.0 Spellcasting
 + Level 2.5 Transmutations
 + Level 5.2 Poison Magic


You had 4 spell levels left.
You knew the following spells:

 Your Spells              Type           Power      Damage    Failure   Level
a - Sting                 Tmut/Pois      52%        1d5       4%          1
b - Poisonous Vapours     Pois/Air       20%        N/A       11%         2
c - Olgreb's Toxic Radia  Pois           18%        N/A       22%         4

Your spell library contained the following spells:

 Spells                   Type           Power      Damage    Failure   Level
 Mephitic Cloud           Conj/Pois/Air  7%         N/A       28%         3


Dungeon Overview and Level Annotations

Branches:
Dungeon (4/15)
 Temple: D:4-7

Altars:
Nemelex Xobeh

Shops:
D:2 =

Annotations:
D:2 1 runed translucent door, Crazy Yiuf


Innate Abilities, Weirdness & Mutations

Your serpentine skin is tough. (AC +2)
You have supernaturally acute eyesight. (SInv)
Armour fits poorly on your strangely shaped body.
Your system is resistant to poisons. (rPois)
You cover ground very slowly.
You can spit poison.
You have a snake-like lower body.


Message History

The gnoll shaman is heavily wounded.
You have got your breath back.
The gnoll closely misses you.
The gnoll shaman mumbles some strange prayers to its god against you.
You are outlined in light.
Unknown command.
Unknown command.
You hit the gnoll shaman.
The gnoll shaman is heavily wounded.
The gnoll shaman calls upon its god to heal the gnoll.
The gnoll's wounds heal themselves!
Casting: Olgreb's Toxic Radiance (quite dangerous; 22% risk of failure)
Confirm with . or Enter, or press ? or * to list all spells.
Aiming: Poisonous Vapours (safe; 11% risk of failure)
Press: ? - help, Dir - move target, f/p - gnoll shaman
Aim: a gnoll shaman, wielding a +0 whip and wearing a +0 robe (heavily wounded)
You miscast Poisonous Vapours.
You are very lightly contaminated with residual magic.
Nothing appears to happen.
The gnoll closely misses you.
The gnoll shaman hits you with a +0 whip.
You hit the gnoll shaman.
The gnoll shaman is severely wounded.
The gnoll barely misses you.
The gnoll shaman hits you with a +0 whip.
Casting: Poisonous Vapours (safe; 11% risk of failure)
Confirm with . or Enter, or press ? or * to list all spells.
Aiming: Poisonous Vapours (safe; 11% risk of failure)
Press: ? - help, Dir - move target, f/p - gnoll shaman
Aim: a gnoll shaman, wielding a +0 whip and wearing a +0 robe (severely wounded) Poisonous vapours surround the gnoll shaman!
The gnoll shaman is poisoned.
The gnoll hits you from afar with a +0 spear.
The gnoll shaman hits you with a +0 whip!
* * * LOW HITPOINT WARNING * * *
You barely miss the gnoll shaman.
The gnoll shaman is severely wounded.
The gnoll hits you from afar with a +0 spear.
* * * LOW HITPOINT WARNING * * *
The gnoll shaman hits you with a +0 whip!
You die...

........#....[...##.......[P##.##
........#........##.#...#...#.##
............<....#.##..#.....##
........#........###.#....#.##
#.....###........##.P#.P#P###
#..<.............###PPP.#.#
.....#.#.......#[# ##P#P.##
...............#.# ######
..##.#.#.......#@######### ..#
........####g......... ..#
........ ###g####.# ..# .......#
#)# ..###...... ..) ...# .....
...# ...#... ...# .... .##. ..##
..... .. ..


You could see a gnoll shaman (poisoned) and a gnoll.

Vanquished Creatures
  A water moccasin skeleton (D:4)
  An iguana (D:4)
  3 gnolls
  3 adders
  A worm (D:2)
  4 dart slugs
  5 orcs (D:3)
  8 ball pythons
  3 bats (D:1)
  9 endoplasms
  5 giant cockroaches
  8 goblins
  5 hobgoblins (D:2)
  10 kobolds
  2 quokkas
  7 frilled lizards
  7 rats
82 creatures vanquished.

Notes
Turn   | Place    | Note
-------+----------+-------------------------------------------
     0 | D:1      | croobank the Naga Venom Mage began the quest for the Orb.
     0 | D:1      | Reached XP level 1. HP: 15/15 MP: 3/3
    61 | D:1      | Reached XP level 2. HP: 4/22 MP: 0/5
   389 | D:1      | Learned a level 2 spell: Poisonous Vapours
   946 | D:1      | Reached XP level 3. HP: 28/28 MP: 6/6
  1933 | D:2      | Found a sparkling altar of Nemelex Xobeh.
  2393 | D:2      | Found a runed translucent door.
  2394 | D:2      | Noticed Crazy Yiuf
  2424 | D:2      | Found Laczahur's Jewellery Shoppe.
  2792 | D:2      | Reached XP level 4. HP: 36/36 MP: 7/7
  3135 | D:2      | Learned a level 4 spell: Olgreb's Toxic Radiance
  3759 | D:3      | Reached XP level 5. HP: 42/42 MP: 9/9
  3911 | D:3      | You fall into a shaft and drop 1 floor!
  3924 | D:4      | Noticed an ogre
  4482 | D:4      | Reached skill level 5 in Poison Magic
  4731 | D:4      | Noticed a phantom
  4769 | D:4      | Reached XP level 6. HP: 35/49 MP: 5/10
  4782 | D:4      | Slain by a gnoll shaman

Illustrated notes

Levels and vault maps discovered:
D:1:      onia_arrival_mini_maze_b, layout_basic, minmay_misc_feat_roman
D:2:      layout_loops_cross, serial_shops, nicolae_shop_window_shopping,
          basic_altar, uniq_crazy_yiuf_cottage
D:3:      layout_rooms, minmay_mini_jars
D:4:      wad_lake_hut, layout_basic, serial_co_window_serial,
          co_window_paths_b, co_window_corner_a, co_window_of_opportunity_a,
          co_window_of_opportunity_a, co_window_paths_a, co_window_corner_a,
          co_window_corner_b, co_window_unsneaky_path_d, co_window_corner_cb,
          co_window_of_opportunity_c, co_window_2corner, co_window_4corner_b,
          glass_columns_a, glass_columns_a, glass_columns_c, glass_columns_b,
          serial_shops, nicolae_shop_hallway_plus, nicolae_shop_crystal

Skill      XL: |  1  2  3  4  5 |
---------------+----------------+-----
Dodging        | 2 |  2.6
Stealth        | 4 |  4.9
Transmutations | 2 |  2.5
Poison Magic   | 5 |  5.2
Spellcasting   | 3 |  3.0

Action                   |  1- 3 |  4- 6 || total
-------------------------+-------+-------++-------
Melee: Unarmed           |     8 |       ||     8
       Short sword       |    85 |   116 ||   201
       Punch             |     2 |       ||     2
 Cast: Sting             |    14 |     8 ||    22
       Poisonous Vapours |     6 |     5 ||    11
       Olgreb's Toxic Ra |       |     2 ||     2
 Abil: Spit Poison       |    30 |    17 ||    47
  Use: Scroll            |       |     9 ||     9
       Potion            |       |     1 ||     1
 Stab: Sleeping          |     3 |       ||     3
Armor: Robe              |    22 |    51 ||    73
Dodge: Dodged            |    58 |    77 ||   135

Table legend: (Time is in decaauts)
 A = Elapsed time spent in this place.
 B = Non-inter-level travel time spent in this place.
 C = Inter-level travel time spent in this place.
 D = Time resting spent in this place.
 E = Time spent auto-exploring this place.
 F = Levels seen in this place.
 G = Mean time per level.
                   A        B        C        D        E       F      G
               +--------+--------+--------+--------+--------+-----+--------+
         Total |   5650 |   5420 |    230 |   1012 |   3333 |   4 | 1412.5 |
       Dungeon |   5650 |   5420 |    230 |   1012 |   3333 |   4 | 1412.5 |
               +--------+--------+--------+--------+--------+-----+--------+

Top non-repeatable levels by time:
     D:1: 2253 daAuts
     D:2: 1751 daAuts
     D:3: 1226 daAuts
     D:4: 419 daAuts
